 Dungeon Crawl Stone Soup version 0.26-a0-1222-g14533b3512 (webtiles) character file.

Game seed: 5838084340950064709

7442 lunkers the Frost Mage (level 11, -2/86 HPs)
             Began as a Merfolk Ice Elementalist on Dec 10, 2020.
             Was a High Priest of Vehumet.
             Shot with an arrow by a centaur (8 damage)
             ... on level 10 of the Dungeon on Jan 1, 2021.
             The game lasted 00:20:40 (14802 turns).

lunkers the Frost Mage (Merfolk Ice Elementalist)  Turns: 14802, Time: 00:20:40

Health: -2/86      AC:  4    Str:  9    XL:     11   Next: 15%
Magic:  1/23       EV: 13    Int: 23    God:    Vehumet [*****.]
Gold:   627        SH:  0    Dex: 15    Spells: 15/26 levels left

rFire    + . .     SeeInvis +   u - +3 short sword (drain)
rCold    + . .     Faith    .   (no shield)
rNeg     . . .     Spirit   .   a - +0 robe
rPois    .         Reflect  .   (no helmet)
rElec    .         Harm     .   n - scarf {rC+ rF+}
rCorr    .         Rampage  .   (no gloves)
Will     .....                  x - +1 pair of boots
Stlth    ++........             (no amulet)
HPRegen  0.24/turn              j - ring of see invisible
MPRegen  0.18/turn              f - +6 ring of intelligence

@: no status effects
A: change form in water, swift swim, stealthy swim
a: Renounce Religion


You were on level 10 of the Dungeon.
You worshipped Vehumet.
Vehumet was extremely pleased with you.
You visited 2 branches of the dungeon, and saw 11 of its levels.

You collected 627 gold pieces.

Inventory:

Hand Weapons
 m - a +0 dagger of venom
 u - a +3 short sword of draining (weapon)
Armour
 a - a +0 robe (worn)
 n - a scarf of resistance (worn)
 x - a +1 pair of boots (worn)
Jewellery
 b - an uncursed ring of ice {unknown}
 f - a +6 ring of intelligence (right hand)
 j - a ring of see invisible (left hand)
 l - an uncursed ring of positive energy
Wands
 y - a wand of random effects (23)
 D - a wand of enslavement (12)
 E - a wand of flame (50)
 F - a wand of iceblast (14)
 I - a wand of disintegration (19)
Scrolls
 c - 2 scrolls of magic mapping
 e - a scroll of amnesia
 g - 6 scrolls of remove curse
 h - a scroll of enchant armour
 k - 2 scrolls of teleportation
 o - 2 scrolls of identify
 w - a scroll of fog
 A - a scroll of acquirement
Potions
 d - 2 potions of lignification
 i - 4 potions of heal wounds
 p - 3 potions of brilliance
 q - a potion of cancellation
 r - a potion of resistance {unknown}
 s - 2 potions of mutation
 t - a potion of magic {unknown}
 v - a potion of flight {unknown}
 B - a potion of berserk rage {unknown}
 G - a potion of ambrosia {unknown}


   Skills:
 + Level 7.8 Fighting
 - Level 2.6 Dodging
 - Level 2.1 Stealth
 + Level 8.3 Spellcasting
 * Level 13.7 Ice Magic


You had 15 spell levels left.
You knew the following spells:

 Your Spells              Type           Power        Failure   Level
a - Freeze                Ice            100%         0%          1
b - Frozen Ramparts       Ice            100%         1%          3
c - Ozocubu's Armour      Ice            64%          1%          3
d - Summon Ice Beast      Ice/Summ       41%          4%          4

Your spell library contained the following spells:

 Spells                   Type           Power        Failure   Level
 Iron Shot                Conj/Erth      4%           91%         6
 Hailstorm                Conj/Ice       41%          1%          4


Dungeon Overview and Level Annotations

Branches:
Dungeon (10/15)            Temple (1/1) D:4            Lair (0/6) D:10
    Orc (0/2) D:9

Altars:
Ashenzari
Cheibriados
Dithmenos
Elyvilon
Fedhas
Gozag
Hepliaklqana
Kikubaaqudgha
Makhleb
Nemelex Xobeh
Okawaru
Qazlal
Ru
Sif Muna
Trog
Uskayaw
Vehumet
Wu Jian
Xom
Yredelemnul
Zin
The Shining One
Beogh

Shops:
D:4 :

Portals:
Abyss: D:3

Annotations:
D:3 2 transporters, pigah's ghost, amateur DsNe
D:6 Blork the orc
D:7 3 runed translucent doors, Smugzug's ghost, amateur HOFi


Message History

Your ice beast closely misses the skeletal warrior.
Your surroundings suddenly seem different.
The centaur wields a shortbow.
The centaur shoots an arrow.
The arrow hits you.
* * * LOW HITPOINT WARNING * * *
A centaur comes into view.
The centaur shouts!
Found a glowing golden altar of the Shining One. 3 centaurs come into view.
The centaur shouts!
The centaur wields a +0 shortbow.
The centaur shoots an arrow.
The arrow hits you!
* * * LOW HITPOINT WARNING * * *
The centaur shoots an arrow.
The arrow hits you!
* * * LOW HITPOINT WARNING * * *
The centaur wields a +0 shortbow.
The centaur shoots an arrow.
The arrow barely misses you.
You see here 3 arrows.
The centaur wields a +0 shortbow.
The centaur shoots an arrow.
The arrow hits you!
You die...

#.####..#.#.#.#.##Y(
...# #..##.#.#.#.#.o
#####
#..#.#†##.#.#.)
##...)#.#.# #..
#.####.#.# #.. #..
#..# #.. #######..
### #.. #.......#
... ####@### # .###.
#....(.# ...##
#≈≈≈≈≈≈# .....
#≈≈≈≈≈≈# ....
#≈≈≈≈≈≈≈≈ #..
#≈≈≈≈≈≈≈≈≈# #..
#≈≈#c≈≈c≈c≈ ##.
#≈##..c..#≈≈ ## ##
#.....##≈# #


You could see 4 centaurs.

Vanquished Creatures
  An unseen horror (D:10)
  A deep elf mage (D:10)
  A centaur zombie (D:10)
  A troll (D:10)
  Prince Ribbit (D:6)
  2 water moccasins
  3 ice beasts
  2 black bears
  A necrophage (D:10)
  2 sky beasts
  7 orc warriors
  5 centaurs
  4 ogres
  2 wolves (D:9)
  3 big kobolds
  4 bullfrogs
  A scorpion (D:8)
  A wight (D:7)
  5 killer bees (D:9)
  4 howler monkeys
  A quasit (D:3)
  A lava snake (D:10)
  A bullfrog zombie (D:10)
  A jelly (D:10)
  2 bullfrog skeletons
  2 centaur skeletons
  5 hounds
  6 orc wizards
  2 orc priests (D:4)
  3 iguanas
  2 worker ants
  A hound skeleton (D:10)
  14 gnolls (D:5)
  12 adders
  A shadow imp (D:7)
  2 white imps
  2 ufetubi
  2 oozes
  3 adder skeletons
  3 worms
  4 dart slugs
  4 leopard geckos
  49 orcs
  A giant cockroach (D:8)
  38 goblins
  22 hobgoblins
  10 jackals
  3 quokkas
  3 ball pythons
  5 bats
  7 kobolds
  A leopard gecko skeleton (D:6)
  A quokka skeleton (D:5)
  14 rats
  A rat zombie (D:6)
280 creatures vanquished.

Vanquished Creatures (collateral kills)
  Gastronok (D:8)
  A wraith (D:10)
  Grum (D:9)
  A phantom (D:7)
  2 wolves (D:9)
  A water moccasin skeleton (D:10)
  2 wights
  A centaur zombie (D:8)
  A jelly (D:10)
11 creatures vanquished.

Grand Total: 291 creatures vanquished

Notes
Turn   | Place    | Note
-------+----------+-------------------------------------------
     0 | D:1      | lunkers the Merfolk Ice Elementalist began the quest for
                  | the Orb.
     0 | D:1      | Reached XP level 1. HP: 13/13 MP: 3/3
   373 | D:1      | Reached XP level 2. HP: 19/19 MP: 3/5
   996 | D:1      | Reached skill level 5 in Ice Magic
  1228 | D:2      | Reached XP level 3. HP: 23/24 MP: 2/6
  1355 | D:2      | Learned a level 3 spell: Frozen Ramparts
  1566 | D:2      | Found a hide-covered altar of Uskayaw.
  2077 | D:3      | Reached XP level 4. HP: 29/30 MP: 3/8
  2540 | D:3      | Reached skill level 6 in Ice Magic
  2540 | D:3      | Reached XP level 5. HP: 6/35 MP: 0/9
  2883 | D:3      | Found a transporter.
  2958 | D:3      | Found a one-way gate to the infinite horrors of the Abyss.
  2964 | D:3      | Identified the +5 rapier of the Enchanted Forest {distort,
                  | rF+ Int+6}
  2964 | D:3      | Noticed a big kobold
  2983 | D:3      | Found a transporter.
  2986 | D:3      | Noticed an ancient zyme
  2987 | D:3      | Noticed a small abomination
  2997 | D:3      | Noticed pigah's ghost (amateur DsNe)
  3080 | D:3      | Found a glowing silver altar of Zin.
  3081 | D:3      | Noticed an angel
  3085 | D:3      | Found a shimmering altar of Xom.
  3174 | D:4      | Found a staircase to the Ecumenical Temple.
  3205 | Temple   | Entered the Ecumenical Temple
  3421 | Temple   | Became a worshipper of Vehumet
  3602 | D:4      | Found a basalt altar of Yredelemnul.
  3803 | D:4      | Reached XP level 6. HP: 39/41 MP: 7/11
  3806 | D:4      | Reached skill level 7 in Ice Magic
  4339 | D:4      | Found Feh Inwi's Book Shop.
  4361 | D:4      | Found a bloodstained altar of Trog.
  4719 | D:5      | Entered Level 5 of the Dungeon
  4858 | D:5      | Noticed a phantom
  5348 | D:5      | Reached * piety under Vehumet
  5348 | D:5      | Offered knowledge of Foxfire by Vehumet.
  5350 | D:5      | Reached XP level 7. HP: 44/46 MP: 3/13
  5771 | D:5      | Found a burning altar of Makhleb.
  5773 | D:5      | Noticed a blizzard demon
  5844 | D:5      | Reached skill level 8 in Ice Magic
  6757 | D:5      | Reached ** piety under Vehumet
  6759 | D:5      | Offered knowledge of Searing Ray by Vehumet.
  7252 | D:5      | Reached skill level 9 in Ice Magic
  7252 | D:5      | Reached XP level 8. HP: 40/52 MP: 15/15
  7493 | D:5      | Offered knowledge of Stone Arrow by Vehumet.
  7577 | D:5      | Reached *** piety under Vehumet
  7578 | D:5      | Reached skill level 1 in Fighting
  7578 | D:5      | Reached skill level 5 in Spellcasting
  8023 | D:6      | Offered knowledge of Ignite Poison by Vehumet.
  8220 | D:6      | Noticed Prince Ribbit
  8245 | D:6      | Killed Prince Ribbit
  8246 | D:6      | Reached skill level 10 in Ice Magic
  8281 | D:6      | Noticed Blork the orc
  8314 | D:6      | Found an ancient bone altar of Kikubaaqudgha.
  8660 | D:7      | Found an iron altar of Okawaru.
  8772 | D:7      | Found a runed translucent gate.
  8773 | D:7      | Noticed Smugzug's ghost (amateur HOFi)
  8786 | D:7      | Identified the +9 short sword of the Peculiar Curses
                  | {freeze, Dex+5}
  8786 | D:7      | Identified the +5 chain mail of Kaikom {rElec Will+ Str-2
                  | Dex+4}
  8872 | D:7      | Reached **** piety under Vehumet
  8873 | D:7      | Reached XP level 9. HP: 55/64 MP: 17/17
  8878 | D:7      | Learned a level 4 spell: Summon Ice Beast
  9098 | D:7      | Offered knowledge of Dazzling Flash by Vehumet.
  9303 | D:7      | Found a runed translucent gate.
  9304 | D:7      | Found a runed translucent gate.
  9306 | D:7      | Found a roughly hewn altar of Beogh.
 10223 | D:7      | Reached skill level 11 in Ice Magic
 10665 | D:8      | Noticed Gastronok
 10684 | D:8      | Killed Gastronok
 10685 | D:8      | Reached skill level 5 in Fighting
 10685 | D:8      | Reached skill level 12 in Ice Magic
 10685 | D:8      | Reached XP level 10. HP: 47/76 MP: 5/20
 11426 | D:8      | Found a shadowy altar of Dithmenos.
 11559 | D:8      | Learned a level 3 spell: Ozocubu's Armour
 11932 | D:9      | Noticed Grum
 11942 | D:9      | Killed Grum
 12807 | D:9      | Upgraded the game from 0.26-a0-1033-gd598b01645 to
                  | 0.26-a0-1222-g14533b3512
 13220 | D:9      | Reached ***** piety under Vehumet
 13407 | D:9      | Found a staircase to the Orcish Mines.
 13436 | D:9      | Identified a scroll of acquirement
 13447 | D:10     | Entered Level 10 of the Dungeon
 13485 | D:10     | Offered knowledge of Iron Shot by Vehumet.
 13774 | D:10     | Reached skill level 13 in Ice Magic
 14043 | D:10     | Noticed an unseen horror
 14047 | D:10     | Found a staircase to the Lair.
 14058 | D:10     | Killed an unseen horror
 14507 | D:10     | Reached XP level 11. HP: 67/84 MP: 18/23
 14750 | D:10     | Noticed a skeletal warrior
 14751 | D:10     | Noticed a deep elf mage
 14777 | D:10     | Noticed an orc knight
 14781 | D:10     | Identified the cursed +1 quarterstaff "Goblin's Death Toll"
                  | {vorpal, +Rage rElec Int+7 Dex-5}
 14794 | D:10     | Killed a deep elf mage
 14800 | D:10     | Found a glowing golden altar of the Shining One.
 14802 | D:10     | Shot with an arrow by a centaur

Illustrated notes

Levels and vault maps discovered:
D:1:      erik_arrival_triangle_huge, layout_rooms, serial_bayou,
          serial_bayou_pond_a, serial_bayou_lagoon_b, serial_bayou_lake_a,
          serial_bayou_pond_a, minmay_3d_cube
D:2:      layout_rooms, nicolae_overflow_hidden_temple
D:3:      layout_rooms, grunt_temple_overflow_order_and_chaos_1,
          gammafunk_ghost_abyssal_escape
D:4:      layout_loops_corners, yredelemnul_altar_generic,
          minmay_temple_entry_water_ring, serial_shops,
          nicolae_shop_behind_doors, st_stairs_13, bloody_trog
D:5:      minmay_goblin_kobold_castle, layout_cave_pools,
          makhleb_altar_promises_db
D:6:      layout_basic, lemuel_zombie_altar_kikubaaqudgha, nicolae_benzene_ring,
          uniq_prince_ribbit1, uniq_blork_the_orc
D:7:      layout_basic, kennysheep_little_box, biasface_ghost_orc_armoury,
          hangedman_decor_riveting
D:8:      layout_basic, grunt_dithmenos_shadows, uniq_gastronok
D:9:      layout_loops_ring, hiddenorc1_lemuel, uniq_grum
D:10:     minmay_the_grid_triangle_9x9_rhombus_thin_mashed
          [minmay_the_grid_triangle_9x9_cache,
          minmay_the_grid_triangle_9x9_prize_insulated,
          minmay_the_grid_triangle_9x9_checkered,
          minmay_the_grid_triangle_9x9_impossible_snake], layout_loops_corners,
          lair_entry_dummy, kennysheep_donut, lemuel_centaur_altar
Temple:   compressed_dpeg_circular_temple

Skill      XL: |  1  2  3  4  5  6  7  8  9 10 |
---------------+-------------------------------+-----
Ice Magic      | 5 6 7 9 10 12 13 | 13.7
Spellcasting   | 3 4 5 7 8 |  8.3
Fighting       | 3 5 7 |  7.8
Dodging        | |  2.6
Stealth        | |  2.1

Action                   |  1- 3 |  4- 6 |  7- 9 | 10-12 || total
-------------------------+-------+-------+-------+-------++-------
Melee: Unarmed           |     4 |       |       |       ||     4
       Dagger            |     1 |    11 |       |       ||    12
       Short sword       |       |    27 |   124 |    94 ||   245
 Cast: Freeze            |    53 |    54 |    87 |    88 ||   282
       Frozen Ramparts   |     2 |     9 |    29 |    21 ||    61
       Summon Ice Beast  |       |       |    10 |    18 ||    28
       Ozocubu's Armour  |       |       |       |     9 ||     9
  Use: Scroll            |       |       |     5 |    14 ||    19
       Potion            |       |       |     1 |       ||     1
 Stab: Sleeping          |       |       |     2 |     1 ||     3
       Distracted        |       |       |       |     3 ||     3
Armor: Robe              |     5 |    25 |    32 |    44 ||   106
Dodge: Dodged            |    30 |    98 |   208 |   144 ||   480

Table legend: (Time is in decaauts)
 A = Elapsed time spent in this place.
 B = Non-inter-level travel time spent in this place.
 C = Inter-level travel time spent in this place.
 D = Time resting spent in this place.
 E = Time spent auto-exploring this place.
 F = Levels seen in this place.
 G = Mean time per level.
                   A        B        C        D        E       F      G
               +--------+--------+--------+--------+--------+-----+--------+
         Total |  14716 |  14335 |    381 |    452 |  11807 |  11 | 1337.8 |
       Dungeon |  14464 |  14121 |    343 |    452 |  11594 |  10 | 1446.4 |
        Temple |    252 |    214 |     38 |      0 |    213 |   1 |  252.0 |
               +--------+--------+--------+--------+--------+-----+--------+

Top non-repeatable levels by time:
     D:5: 3039 daAuts
     D:8: 1687 daAuts
     D:7: 1643 daAuts
    D:10: 1361 daAuts
     D:4: 1355 daAuts
     D:9: 1339 daAuts
     D:1: 1144 daAuts
     D:3: 1120 daAuts
     D:6: 923 daAuts
     D:2: 849 daAuts
  Temple: 252 daAuts
